 Dungeon Crawl Stone Soup version 0.29-a0-378-gc08b2e8bf8 (webtiles) character file.

Game seed: 2266231265754580077

207 markstv82 the Chiller (level 6, 0/41 HPs)
             Began as a Human Ice Elementalist on May 4, 2022.
             Was an Initiate of Ru.
             Slain by a centaur simulacrum (1 damage)
             ... on level 3 of the Dungeon on May 5, 2022.
             The game lasted 00:45:13 (3526 turns).

markstv82 the Chiller (Human Ice Elementalist)      Turns: 3526, Time: 00:45:14

Health: 0/41       AC:  6    Str:  8    XL:     6   Next: 11%
Magic:  20/20      EV: 16    Int: 17    God:    Ru [......]
Gold:   105        SH:  0    Dex: 14    Spells: 8/12 levels left

rFire   . . .      SeeInvis .   x - staff of poison
rCold   . . .      Faith    .   (no shield)
rNeg    . . .      Spirit   .   a - +0 robe
rPois   +          Reflect  .   (no helmet)
rElec   .          Harm     .   (no cloak)
rCorr   .          Rampage  .   j - +0 pair of gloves
Will    .....                   m - +2 pair of boots of Paranoia {+Inv}
Stlth   ++........              (no amulet)
HPRegen 0.13/turn               c - +4 ring of evasion
MPRegen 0.17/turn               h - ring of magical power

@: no status effects
A: no striking features
a: Renounce Religion, Evoke Invisibility


You were on level 3 of the Dungeon.
You worshipped Ru.
Ru was noncommittal.
You visited 1 branch of the dungeon, and saw 3 of its levels.

You collected 105 gold pieces.

Inventory:

Hand Weapons
 d - a +0 spear
 w - a +1 dagger of speed
Missiles
 k - 60 stones
 o - 2 javelins
 s - 5 poisoned darts (quivered)
Armour
 a - a +0 robe (worn)
 j - a +0 pair of gloves (worn)
 m - the +2 pair of boots of Paranoia (worn) {+Inv}
   (You acquired it on level 1 of the Dungeon)

   +Inv:      It lets you turn invisible.
Magical Staves
 x - a staff of poison (weapon)
Jewellery
 c - a +4 ring of evasion (left hand)
 h - a ring of magical power (right hand)
 p - a ring of resist corrosion
 v - a ring of positive energy
Scrolls
 e - 2 scrolls of poison
 g - a scroll of brand weapon {unknown}
 i - a scroll of blinking
 n - a scroll of fog
 r - a scroll of amnesia
 t - 2 scrolls of enchant weapon
 u - a scroll of teleportation {unknown}
 y - a scroll of magic mapping {unknown}
 A - a scroll of identify
Potions
 b - 2 potions of magic
 f - 2 potions of cancellation
 l - a potion of might
 q - a potion of mutation
 z - a potion of brilliance {unknown}


   Skills:
 + Level 0.2 Throwing
 + Level 2.5 Dodging
 + Level 2.3 Stealth
 + Level 0.1 Unarmed Combat
 + Level 3.8 Spellcasting
 + Level 5.3 Ice Magic


You had 8 spell levels left.
You knew the following spells:

 Your Spells              Type           Power      Damage    Failure   Level
a - Freeze                Ice            84%        1d10      1%          1
b - Ozocubu's Armour      Ice            21%        N/A       5%          3

Your spell library contained the following spells:

 Spells                   Type           Power      Damage    Failure   Level
 Frozen Ramparts          Ice            42%        1d6       5%          3
 Hailstorm                Conj/Ice       12%        3d5       47%         4


Dungeon Overview and Level Annotations

Branches:
Dungeon (3/15)

Altars:
Ru

Annotations:
D:3 BubbleThief's ghost, amateur KoHu


Message History

The white imp gestures at you. The puff of frost hits you.
You barely miss the white imp. The white imp barely misses you.
The white imp misses you.
You hit the centaur simulacrum.
The centaur simulacrum is lightly damaged.
The centaur simulacrum closely misses you.
The centaur simulacrum misses you.
The white imp shouts, "Flee, thou unmuzzled miscreant ratsbane!"
The white imp barely misses you. The white imp attacks as you move away!
The white imp completely misses you.
The centaur simulacrum barely misses you.
The centaur simulacrum kicks you but does no damage.
The centaur simulacrum misses you. The centaur simulacrum kicks you.
The centaur simulacrum freezes you. The white imp attacks as you move away!
The white imp hits you but does no damage.
The centaur simulacrum attacks as you move away!
The centaur simulacrum completely misses you. x2
The white imp gestures at you. The puff of frost hits you.
* * * LOW HITPOINT WARNING * * *
The centaur simulacrum attacks as you move away!
The centaur simulacrum completely misses you.
The centaur simulacrum misses you.
The centaur simulacrum attacks as you move away!
The centaur simulacrum closely misses you.
The centaur simulacrum kicks you but does no damage.
The centaur simulacrum hits you.
* * * LOW HITPOINT WARNING * * *
The centaur simulacrum freezes you!
* * * LOW HITPOINT WARNING * * *
The centaur simulacrum misses you.
The centaur simulacrum attacks as you move away!
The centaur simulacrum misses you.
The centaur simulacrum kicks you but does no damage.
There is an open translucent gate here.
The centaur simulacrum attacks as you move away!
The centaur simulacrum hits you.
You die...

#.##.#.#.###.##...###..#.
#.#.##.##.##.##.#.#....##
#...................#..##
###.##.##.#...#####....##
##.#......###...###..##
#.....###.......##...
#############.##....###...#..#
####..........##.#....##
#..#..#
.....########.##@#5..##..
#..#..# ######
#.##.ZZ..#$...#.##..#
#.##.'...#).W...#...# ##
#.##.'...##.....#...# .#
#.##.#....#.....##..# .##
#.##.#....##..Z..#..# ..##
####.##.##....###.Z #..#
...#######....##..##.......
##..#
........##.######..###....
#..##


You could see a white imp, a giant cockroach simulacrum and a centaur
simulacrum.

Vanquished Creatures
  A jelly (D:3)
  5 adders
  A worm (D:2)
  13 dart slugs
  An adder simulacrum (D:3)
  An orc (D:3)
  7 ball pythons
  10 bats
  8 endoplasms
  2 giant cockroaches (D:1)
  8 hobgoblins
  7 jackals
  5 quokkas
  10 frilled lizards
  5 goblins
  5 kobolds
  A quokka simulacrum (D:3)
  13 rats
103 creatures vanquished.

Notes
Turn   | Place    | Note
-------+----------+-------------------------------------------
     0 | D:1      | markstv82 the Human Ice Elementalist began the quest for
                  | the Orb.
     0 | D:1      | Reached XP level 1. HP: 13/13 MP: 3/3
   307 | D:1      | Reached XP level 2. HP: 17/19 MP: 1/5
   361 | D:1      | Identified a scroll of acquirement
   361 | D:1      | Acquired a +4 ring of evasion
  1076 | D:1      | Reached XP level 3. HP: 21/24 MP: 6/6
  1317 | D:1      | Acquired the +2 pair of boots of Paranoia {+Inv}
  1616 | D:2      | Reached XP level 4. HP: 30/30 MP: 8/8
  1997 | D:2      | Reached XP level 5. HP: 35/35 MP: 10/10
  2002 | D:2      | Learned a level 3 spell: Ozocubu's Armour
  2462 | D:3      | Reached skill level 5 in Ice Magic
  2722 | D:3      | Noticed BubbleThief's ghost (amateur KoHu)
  2787 | D:3      | Found a runed translucent gate.
  2787 | D:3      | Found a runed translucent gate.
  2787 | D:3      | Found a runed translucent gate.
  2852 | D:3      | Found a sacrificial altar of Ru.
  2861 | D:3      | Became a worshipper of Ru the Awakened
  2972 | D:3      | Found a faded altar of an unknown god.
  2981 | D:3      | Reached XP level 6. HP: 36/41 MP: 11/11
  3523 | D:3      | HP: 1/41 [centaur simulacrum (9)]
  3526 | D:3      | Slain by a centaur simulacrum

Illustrated notes

Levels and vault maps discovered:
D:1:      dpeg_arrival_tiny_a, layout_basic, dk_noncrumbling_3,
          hangedman_feature_mirror, chequers_jeans, minmay_pentomino_p2
D:2:      minmay_chambers_of_ones, layout_rooms
D:3:      kennysheep_slugbush, layout_loops_ring, mainiacjoe_overflow_24_doors,
          gammafunk_ghost_icy, hellmonk_ecumenical_altar_pennies_from_heaven

Skill      XL: |  1  2  3  4  5 |
---------------+----------------+-----
Spellcasting   | 3 |  3.8
Ice Magic      | 5 |  5.3
Throwing       | |  0.2
Dodging        | |  2.5
Stealth        | |  2.3
Unarmed Combat | |  0.1

Action                   |  1- 3 |  4- 6 || total
-------------------------+-------+-------++-------
Melee: Unarmed           |    12 |       ||    12
       Spear             |     1 |       ||     1
       Staff             |       |    12 ||    12
       Dagger            |       |     2 ||     2
       Punch             |       |     1 ||     1
Throw: Dart              |     2 |     7 ||     9
 Cast: Freeze            |    52 |   124 ||   176
  Use: Scroll            |     6 |     4 ||    10
 Stab: Sleeping          |     1 |     2 ||     3
Armor: Robe              |    19 |    26 ||    45
Dodge: Dodged            |    41 |   114 ||   155

Table legend: (Time is in decaauts)
 A = Elapsed time spent in this place.
 B = Non-inter-level travel time spent in this place.
 C = Inter-level travel time spent in this place.
 D = Time resting spent in this place.
 E = Time spent auto-exploring this place.
 F = Levels seen in this place.
 G = Mean time per level.
                   A        B        C        D        E       F      G
               +--------+--------+--------+--------+--------+-----+--------+
         Total |   3547 |   3546 |      1 |   1332 |      0 |   3 | 1182.3 |
       Dungeon |   3547 |   3546 |      1 |   1332 |      0 |   3 | 1182.3 |
               +--------+--------+--------+--------+--------+-----+--------+

Top non-repeatable levels by time:
     D:1: 1581 daAuts
     D:3: 1139 daAuts
     D:2: 827 daAuts
